 Dungeon Crawl Stone Soup version 0.23-a0-182-g58cdd98 (webtiles) character file.

4348 Amnesiac the Conjurer (level 10, -2/63 HPs)
             Began as a Mummy Ice Elementalist on Sept 20, 2018.
             Was a Priest of Vehumet.
             Shot with an arrow by a centaur (7 damage)
             ... on level 8 of the Dungeon.
             The game lasted 00:19:22 (11327 turns).

Amnesiac the Conjurer (Mummy Ice Elementalist)     Turns: 11327, Time: 00:19:22

Health: -2/63      AC:  6    Str: 12    XL:     10   Next: 12%
Magic:  4/21       EV: 12    Int: 18    God:    Vehumet [***...]
Gold:   311        SH:  5    Dex: 12    Spells: 6/23 levels left

rFire    . . .     SeeInvis .   b - +0 dagger (venom)
rCold    + . .     Gourm    .   m - +0 buckler
rNeg     + + +     Faith    .   n - +0 robe {rF+}
rPois    ∞         Spirit   .   o - +0 helmet
rElec    .         Reflect  .   (no cloak)
rCorr    .         Harm     .   (no gloves)
MR       +....                  f - +2 pair of boots {Fly}
Stlth    ++........             (no amulet)
HPRegen  0.20/turn              (no ring)
MPRegen  0.17/turn              (no ring)

@: flying
A: no food or potions, fire vulnerability, cold resistance 1, negative energy
resistance 3, torment resistance, unbreathing
a: Renounce Religion, Stop Flying


You were on level 8 of the Dungeon.
You worshipped Vehumet.
Vehumet was most pleased with you.
You were not hungry.

You visited 2 branches of the dungeon, and saw 9 of its levels.
You also visited: Bailey.

You collected 311 gold pieces.

Inventory:

Hand Weapons
 a - a +2 dagger of flaming
 b - a +0 dagger of venom (weapon)
Armour
 f - a +2 pair of boots of flying (worn)
 m - a +0 buckler (worn)
 n - a +0 robe of fire resistance (worn)
 o - a +0 helmet (worn)
Wands
 c - a wand of enslavement (13)
 e - a wand of polymorph (4)
 p - a wand of disintegration (1)
Scrolls
 d - a scroll of fog {!r}
 g - 6 scrolls of teleportation {!r}
 h - a scroll of remove curse {!r}
 i - 3 scrolls of blinking {!r}
 j - 6 scrolls of enchant armour {!r}
 k - a scroll of magic mapping {!r}
 l - a scroll of holy word {!r}


   Skills:
 - Level 1.5 Dodging
 - Level 1.5 Stealth
 - Level 4.2 Shields
 + Level 7.4 Spellcasting
 * Level 7.7 Conjurations
 * Level 7.5 Ice Magic


You had 6 spell levels left.
You knew the following spells:

 Your Spells              Type           Power        Failure   Level  Hunger
a - Throw Icicle          Conj/Ice       ####....     1%          4    N/A
b - Summon Ice Beast      Ice/Summ       ###.....     22%         4    N/A
d - Freeze                Ice            ####         1%          1    N/A
e - Throw Frost           Conj/Ice       ####..       1%          2    N/A
s - Conjure Flame         Conj/Fire      ###.....     1%          3    N/A
z - Ozocubu's Armour      Chrm/Ice       ###.....     7%          3    N/A

Your spell library contained the following spells:

 Spells                   Type           Power        Failure   Level  Hunger
 Airstrike                Air            #.........   26%         4    N/A

Dungeon Overview and Level Annotations

Branches:
Dungeon (8/15)             Temple (1/1) D:4
   Lair: D:8-11

Altars:
Ashenzari
Cheibriados
Dithmenos
Elyvilon
Fedhas
Gozag
Hepliaklqana
Kikubaaqudgha
Makhleb
Nemelex Xobeh
Okawaru
Qazlal
Ru
Sif Muna
Trog
Uskayaw
Vehumet
Wu Jian
Xom
Yredelemnul
Zin
The Shining One

Annotations:
D:8 1 runed door


Innate Abilities, Weirdness & Mutations

You do not eat or drink.
Your flesh is vulnerable to fire.
You are immune to poison.
Your flesh is cold resistant. (rC+)
You are immune to negative energy. (rN+++)
You are immune to unholy pain and torment.
You can survive without breathing.


Message History

The yak gores you but does no damage.
Casting: Freeze (safe; 1% risk of failure)
Confirm with . or Enter, or press ? or * to list all spells.
You don't have enough magic to cast that spell.
You hit the yak but do no damage.
The yak is severely wounded.
The yak gores you but does no damage.
You hit the yak. You burn the yak.
The yak is almost dead.
The yak closely misses you.
Wield which item (- for none, * to show all)? (? for menu, Esc to quit)
Your +2 dagger of flaming stops flaming.
Your +0 dagger of venom begins to drip with poison!
b - a +0 dagger of venom (weapon)
You block the yak's attack.
You closely miss the yak.
The yak is almost dead.
The yak gores you!
You barely miss the yak.
The yak is almost dead.
The yak gores you!
* * * LOW HITPOINT WARNING * * *
You hit the yak.
The yak is poisoned.
The yak is almost dead.
The yak gores you but does no damage.
You kill the yak!
Vehumet accepts your kill.
You feel your power returning.
Your magical contamination has completely faded away.
Casting: Freeze (safe; 1% risk of failure)
Confirm with . or Enter, or press ? or * to list all spells.
Aiming: Throw Icicle (safe; 1% risk of failure)
Press: ? - help, Shift-Dir - straight line, f - yak
Aim: a yak The shard of ice hits the yak.
The yak is heavily wounded.
Unknown command.
Casting: Throw Icicle (safe; 1% risk of failure)
Confirm with . or Enter, or press ? or * to list all spells.
Aiming: Throw Icicle (safe; 1% risk of failure)
Press: ? - help, Shift-Dir - straight line, f/p - yak
Aim: a yak (heavily wounded)
The shard of ice hits the yak.
The yak is heavily wounded.
Unknown command.
You hit the yak.
The yak is poisoned.
The yak is heavily wounded.
The yak gores you.
* * * LOW HITPOINT WARNING * * *
You barely miss the yak.
The yak is severely wounded.
The yak gores you!
* * * LOW HITPOINT WARNING * * *
You kill the yak!
Vehumet accepts your kill.
You feel your power returning.
A centaur comes into view.
The centaur shouts!
The centaur wields a runed shortbow.
The centaur shoots an arrow.
The arrow hits you.
* * * LOW HITPOINT WARNING * * *
x2 You see here an arrow.
The centaur shoots an arrow.
The arrow hits you!
You die...

### ###############..
#.............#.#
#.###########.#.# #.# #.#.#
#.###########.#.# .#
#.##.......c....####### .#
#.##.#..........@(.Y..# .#
#.##.#.######.#.#####Y# .#
...#..#<##......# #.# .#
.....###<..###..# #Y### .#
##.##.#.##.+3#..#####.Y.###.#
#.....###.###..............#
#..#### #......#######.#####
#..# #....#.# #.# #..#
####.#.#######.#


You could see 2 yaks and a centaur.

Vanquished Creatures
  Pikel (D:5)
  An orc knight (Bailey)
  Grinder (D:6)
  3 yaks (D:8)
  Menkaure (D:4)
  12 orc warriors (Bailey)
  A sky beast (D:5)
  4 slaves (D:5)
  An ogre (D:6)
  A centaur (D:7)
  A gnoll sergeant (D:7)
  3 bullfrogs
  6 scorpions
  2 howler monkeys (D:5)
  2 crimson imps
  A quasit (D:5)
  A jelly (D:4)
  2 hounds
  A bullfrog skeleton (D:7)
  An iguana (D:5)
  6 worker ants
  A killer bee zombie (D:6)
  A hound zombie (D:5)
  13 gnolls
  5 adders
  3 shadow imps
  An adder zombie (D:7)
  4 worms
  A dart slug (D:2)
  4 leopard geckos
  25 orcs
  4 giant cockroaches
  11 goblins
  10 hobgoblins
  2 jackals (D:1)
  5 quokkas
  3 ball pythons
  A ball python skeleton (D:4)
  6 bats
  3 frilled lizards
  A giant cockroach zombie (D:5)
  6 kobolds
  A leopard gecko skeleton (D:6)
  8 rats
171 creatures vanquished.

Notes
Turn   | Place    | Note
-------+----------+-------------------------------------------
     0 | D:1      | Amnesiac the Mummy Ice Elementalist began the quest for the
                  | Orb.
     0 | D:1      | Reached XP level 1. HP: 13/13 MP: 4/4
   505 | D:2      | Reached XP level 2. HP: 19/19 MP: 2/5
   529 | D:2      | Learned a level 2 spell: Throw Frost
   589 | D:5      | Entered Level 5 of the Dungeon
   617 | D:4      | Noticed Menkaure
   909 | D:4      | Reached XP level 3. HP: 19/24 MP: 3/7
   914 | D:4      | Learned a level 3 spell: Ozocubu's Armour
  1393 | D:4      | Found a staircase to the Ecumenical Temple.
  1399 | Temple   | Entered the Ecumenical Temple
  1697 | Temple   | Became a worshipper of Vehumet
  1718 | D:4      | Reached XP level 4. HP: 30/30 MP: 7/9
  1771 | D:3      | Found a sparkling altar of Nemelex Xobeh.
  1782 | D:3      | Found a hide-covered altar of Uskayaw.
  2142 | D:1      | Found a shimmering altar of Xom.
  2628 | D:2      | Found an iron altar of Okawaru.
  2641 | D:2      | Reached * piety under Vehumet
  2641 | D:2      | Offered knowledge of Shock by Vehumet.
  3262 | D:3      | Reached XP level 5. HP: 11/35 MP: 0/11
  3819 | D:3      | Offered knowledge of Searing Ray by Vehumet.
  3822 | D:3      | Reached ** piety under Vehumet
  3968 | D:4      | Learned a level 4 spell: Throw Icicle
  3985 | D:4      | Reached skill level 1 in Shields
  4122 | D:5      | Reached XP level 6. HP: 39/41 MP: 6/12
  4416 | D:5      | Noticed a sky beast
  4426 | D:5      | Killed a sky beast
  4426 | D:5      | Reached skill level 5 in Spellcasting
  4426 | D:5      | Reached skill level 5 in Ice Magic
  4479 | D:5      | Reached XP level 7. HP: 34/46 MP: 6/14
  4711 | D:5      | Noticed Pikel
  4995 | D:5      | Killed Pikel
  4995 | D:5      | Reached XP level 8. HP: 24/52 MP: 15/17
  5927 | D:4      | Killed Menkaure
  5927 | D:4      | Offered knowledge of Conjure Flame by Vehumet.
  5940 | D:5      | Learned a level 3 spell: Conjure Flame
  5994 | D:5      | Learned a level 4 spell: Summon Ice Beast
  6011 | D:6      | Noticed Grinder
  6018 | D:6      | Killed Grinder
  6308 | D:6      | Reached *** piety under Vehumet
  6713 | D:7      | Found a blossoming altar of Fedhas.
  6905 | D:7      | Found a flagged portal.
  6934 | Bailey   | Identified a paperback manual
  6934 | Bailey   | Entered a bailey
  6949 | Bailey   | Reached skill level 5 in Conjurations
  6949 | Bailey   | Reached XP level 9. HP: 45/57 MP: 2/18
  7475 | Bailey   | Offered knowledge of Airstrike by Vehumet.
  8842 | Bailey   | Noticed an orc knight
  9344 | Bailey   | Killed an orc knight
  9731 | Bailey   | Found a roughly hewn altar of Beogh.
 10238 | D:7      | Found a hazy altar of Hepliaklqana.
 10257 | D:7      | Found a blossoming altar of Fedhas.
 10649 | D:7      | Reached XP level 10. HP: 63/63 MP: 1/20
 11141 | D:8      | Found a runed door.
 11167 | D:8      | Noticed a sixfirhy
 11327 | D:8      | Shot with an arrow by a centaur

Vault maps used:
D:1:      evilmike_arrival_hilbert_curve, xom_teletrap_fun
D:2:      nicolae_overflow_crystal_walls
D:3:      corexii_shack_village, minitemple
D:4:      minmay_temple_entry_enclosed_plants, first_ration,
          serial_bayou_crossing, uniq_menkaure
D:5:      uniq_pikel
D:6:      uniq_grinder
D:7:      fedhas_altar_2, lightli_bailey_entry_fortress,
          hangedman_feature_mirror, kennysheep_cross_room
D:8:      cheibrodos_shockbox, uniq_erica
Temple:   hc_temple_tempest_star
Bailey:   bailey_polearm_2, bailey

Skill      XL: |  1  2  3  4  5  6  7  8  9 |
---------------+----------------------------+-----
Spellcasting   | 3 4 5 6 7 |  7.4
Ice Magic      | 3 4 5 6 7 |  7.5
Shields        | 1 2 3 4 |  4.2
Conjurations   | 5 7 |  7.7
Dodging        | |  1.5
Stealth        | |  1.5

Action                   |  1- 3 |  4- 6 |  7- 9 | 10-12 || total
-------------------------+-------+-------+-------+-------++-------
Melee: Unarmed           |     1 |       |       |       ||     1
       Halberd           |     1 |    39 |       |       ||    40
       Dagger            |       |    28 |   117 |     7 ||   152
 Cast: Freeze            |    35 |   123 |    75 |     4 ||   237
       Throw Icicle      |       |       |   120 |    13 ||   133
       Throw Frost       |       |       |    13 |       ||    13
Evoke: Wand              |       |     3 |    17 |       ||    20
  Use: Scroll            |     1 |     3 |     9 |       ||    13
 Stab: Sleeping          |     1 |     5 |     1 |       ||     7
Armor: Leather armour    |     4 |    49 |    40 |       ||    93
       Robe              |       |       |    10 |     4 ||    14
Dodge: Dodged            |    13 |    94 |   103 |     3 ||   213
Block: Buckler           |       |    14 |    49 |     2 ||    65

Table legend:
 A = Non-vault XP
 B = Vault XP
 C = Vault XP percentage of total XP
 D = Non-vault monster count
 E = Vault monster count
 F = Vault count percentage of total count
                 A         B        C        D         E       F
            +---------+---------+-------+---------+---------+-------
      Total |    2767 |    3445 |  55.5 |     115 |      52 |  31.1
            +---------+---------+-------+---------+---------+-------
        D:1 |      17 |       0 |   0.0 |      12 |       0 |   0.0
        D:2 |      34 |       0 |   0.0 |      18 |       0 |   0.0
        D:3 |     122 |      24 |  16.4 |      23 |      11 |  32.4
        D:4 |     150 |     169 |  53.0 |      10 |       1 |   9.1
        D:5 |     710 |     651 |  47.8 |      18 |       1 |   5.3
        D:6 |     503 |     281 |  35.8 |      15 |       1 |   6.2
        D:7 |     602 |      78 |  11.5 |      15 |      12 |  44.4
        D:8 |     629 |       0 |   0.0 |       4 |       0 |   0.0
     Bailey |       0 |    2242 | 100.0 |       0 |      26 | 100.0
            +---------+---------+-------+---------+---------+-------
